 Dungeon Crawl Stone Soup version 0.30-a0-643-g638baaf3f0 (webtiles) character file.

Game seed: 18022691970006854355

297 Citaku the Covered (level 6, -3/53 HPs)
             Began as a Minotaur Fighter on Jan 16, 2023.
             Slain by Menkaure (19 damage)
             ... on level 4 of the Dungeon.
             The game lasted 00:03:32 (2663 turns).

Citaku the Covered (Minotaur Fighter)               Turns: 2663, Time: 00:03:33

Health: -3/53      AC:  7    Str: 23    XL:     6   Next: 12%
Magic:  5/5        EV:  9    Int:  5    God:
Gold:   98         SH:  4    Dex:  9    Spells: 5/5 levels left

rFire   . . .      SeeInvis .    a - +0 war axe
rCold   . . .      Faith    .    c - +0 buckler
rNeg    . . .      Spirit   .    b - +0 scale mail
rPois   .          Reflect  .    (helmet restricted)
rElec   .          Harm     .    (no cloak)
rCorr   .          Rampage  .    (no gloves)
Will    .....                    (no boots) Stlth
                                 (no amulet)
HPRegen 0.28/turn                (no ring)
MPRegen 0.09/turn                (no ring)

@: no status effects
A: horns 2, retaliatory headbutt
a: no special abilities


You were on level 4 of the Dungeon.
You visited 1 branch of the dungeon, and saw 4 of its levels.

You collected 98 gold pieces.

Inventory:

Hand Weapons
 a - a +0 war axe (weapon)
Missiles
 m - 2 throwing nets (quivered)
Armour
 b - a +0 scale mail (worn)
 c - a +0 buckler (worn)
Scrolls
 f - 5 scrolls of identify {unknown}
 g - a scroll of immolation {unknown}
 i - a scroll of teleportation {unknown}
 j - a scroll of brand weapon {unknown}
 n - a scroll of blinking {unknown}
Potions
 d - 2 potions of might
 e - a potion of degeneration {unknown}
 h - 2 potions of invisibility {unknown}
 k - 2 potions of mutation {unknown}
 l - a potion of brilliance {unknown}
 o - a potion of curing


   Skills:
 + Level 4.7 Fighting
 * Level 4.8 Axes
 * Level 5.6 Armour
 + Level 4.7 Shields


You had 5 spell levels left.
You didn't know any spells.
Your spell library contained the following spells:

 Spells                   Type           Power      Damage    Failure   Level
 Blink                    Tloc           0%         N/A       94%         2
 Lesser Beckoning         Tloc           0%         N/A       94%         2
 Momentum Strike          Conj/Tloc      0%         3d8       94%         2


Dungeon Overview and Level Annotations

Branches:
Dungeon (4/15)
 Temple: D:4-7

Altars:
Okawaru
Qazlal

Annotations:
D:4 Menkaure


Innate Abilities, Weirdness & Mutations

You have a pair of horns on your head.
You reflexively headbutt those who attack you in melee.


Message History

The hobgoblin closely misses you.
You closely miss the hobgoblin.
The hobgoblin is severely wounded.
The hobgoblin hits you but does no damage.
You slash the hobgoblin!
You kill the hobgoblin!
No target in view!
No target in view!
No target in view!
No target in view!
No target in view!
No target in view!
No target in view!
No target in view!
No target in view!
No target in view!
You see here a hobgoblin corpse.
You open the door.
There is an open door here.
Menkaure, Prince of Dust comes into view.
Found a spear.
Menkaure shouts!
Menkaure moves out of view.
Found a whip.
You hit Menkaure.
Menkaure is moderately damaged.
Menkaure casts a spell.
Menkaure seems to speed up.
You closely miss Menkaure. Your headbutt misses Menkaure.
Menkaure is moderately damaged.
Menkaure hits you! x2
You hit Menkaure.
You headbutt Menkaure, but do no damage.
Menkaure is heavily damaged.
Menkaure closely misses you.
You slash Menkaure!
Menkaure is almost destroyed.
Menkaure calls on the powers of darkness!
Your body is wracked with pain!
Menkaure hits you!!
You die...

#... #... ###.).
..... ## .# #...
.# ##
...#)..#.##....
#.....M......#
...#...@#
#......#
...####.# . .
###..#
#...##...##
.........#
.#######.##
..####..########
#..............#


You could see Menkaure (fast).

Vanquished Creatures
  Pargi (D:3)
  A kobold brigand (D:3)
  Jessica (D:3)
  Terence (D:3)
  A gnoll (D:1)
  A worm (D:3)
  5 endoplasms
  2 giant cockroaches
  9 goblins
  6 hobgoblins
  5 jackals
  10 ball pythons
  9 bats
  3 frilled lizards
  5 kobolds
  3 rats
63 creatures vanquished.

Notes
Turn   | Place    | Note
-------+----------+-------------------------------------------
     0 | D:1      | Citaku the Minotaur Fighter began the quest for the Orb.
     0 | D:1      | Reached XP level 1. HP: 19/19 MP: 0/0
    21 | D:1      | Reached skill level 4 in Armour
    21 | D:1      | Reached XP level 2. HP: 15/27 MP: 1/1
   250 | D:1      | Reached XP level 3. HP: 33/33 MP: 2/2
  1803 | D:3      | Noticed Terence
  1810 | D:3      | Killed Terence
  1811 | D:3      | Reached XP level 4. HP: 29/40 MP: 3/3
  1861 | D:3      | Noticed a kobold brigand
  1872 | D:3      | Noticed Pargi
  1874 | D:3      | Killed a kobold brigand
  1875 | D:3      | Reached skill level 5 in Armour
  1875 | D:3      | Reached XP level 5. HP: 29/47 MP: 4/4
  1885 | D:3      | Killed Pargi
  2054 | D:3      | Reached XP level 6. HP: 32/53 MP: 5/5
  2211 | D:3      | Noticed Jessica
  2214 | D:3      | Killed Jessica
  2347 | D:3      | Found an iron altar of Okawaru.
  2347 | D:3      | Found a stormy altar of Qazlal.
  2656 | D:4      | Noticed Menkaure
  2663 | D:4      | Slain by Menkaure

Illustrated notes

Levels and vault maps discovered:
D:1:      saegor_arrival_fortress, layout_basic, minmay_octomino_e4
D:2:      layout_basic, nicolae_figureground_sparkle
D:3:      layout_loops_ring, amethyst_overflow_temple_binary,
          corexii_item_surrounded_by_moat, amcnicky_mini_rare_corridor_liquid,
          chequers_serial_rivers_small_3, uniq_jessica, uniq_terence, uniq_pargi
D:4:      layout_rooms, minmay_temple_entry_sparse_star, solitary_fountain,
          dk_noncrumbling_3, minmay_pentangle, uniq_menkaure

Skill      XL: |  1  2  3  4 |
---------------+-------------+-----
Armour         | 4 5 |  5.6
Axes           | 3 4 |  4.8
Shields        | 4 |  4.7
Fighting       | 4 |  4.7

Action                   |  1- 3 |  4- 6 || total
-------------------------+-------+-------++-------
Melee: War axe           |    96 |    54 ||   150
       Headbutt          |     9 |     8 ||    17
  Use: Potion            |       |     1 ||     1
Armor: Scale mail        |    35 |    25 ||    60
Dodge: Dodged            |    42 |    30 ||    72
Block: Buckler           |    18 |    13 ||    31

Table legend: (Time is in decaauts)
 A = Elapsed time spent in this place.
 B = Non-inter-level travel time spent in this place.
 C = Inter-level travel time spent in this place.
 D = Time resting spent in this place.
 E = Time spent auto-exploring this place.
 F = Levels seen in this place.
 G = Mean time per level.
                   A        B        C        D        E       F      G
               +--------+--------+--------+--------+--------+-----+--------+
         Total |   2719 |   2589 |    130 |     75 |   2130 |   4 |  679.8 |
       Dungeon |   2719 |   2589 |    130 |     75 |   2130 |   4 |  679.8 |
               +--------+--------+--------+--------+--------+-----+--------+

Top non-repeatable levels by time:
     D:2: 941 daAuts
     D:3: 889 daAuts
     D:1: 847 daAuts
     D:4: 41 daAuts
